Map: 匹昂台地

Players

Horus - Winner!

  • Race: Zerg Zerg
  • League: Diamond

shengy

  • Race: Zerg Zerg
  • League: Platinum

VOD

Have the link to the VOD?

Description

Time

  • Played on: Jan. 1, 2016, 10:02 p.m.
  • Length: 7:20
Show
View Real Time Build Order
Export as new Build Order

Horus Zerg - Winner!

Build Orders: Pool First, Zergling Baneling 

Get SALT Encoding   

  12  0:01  Drone  
  13  0:09  Drone  
  14  0:17  Overlord  
  14  0:26  Extractor  
  14  0:27  Extractor, Drone  
  13  0:29  Drone  
  13  0:35  Drone  
  17  0:44  Drone  
  17  0:49  Extractor  
  17  0:53  Spawning Pool  
  16  0:57  Drone  
  17  1:05  Drone  
  18  1:16  Overlord  
  18  1:33  Hatchery  
  17  1:41  Queen  
  17  1:44  Zergling x2  
  20  1:49  Zergling x2  
  20  1:53  Zergling x2  
  22  1:59  Metabolic Boost  
  22  2:04  Zergling x2  
  23  2:10  Zergling x2  
  24  2:20  Zergling x2  
  25  2:36  Zergling x2  
  26  2:41  Baneling Nest  
  25  2:45  Drone  
  25  2:46  Queen  
  25  2:50  Lair  
  28  2:54  Drone  
  26  3:16  Drone x3  
  26  3:17  Drone x2  
  30  3:24  Zergling x2  
  30  3:25  Zergling x4  
  33  3:35  Drone  
  33  3:36  Drone x2  
  33  3:38  Baneling  
  33  3:39  Baneling  
  33  3:40  Baneling  
  36  3:42  Baneling  
  34  4:05  Zergling x4  
  34  4:07  Overlord  
  36  4:10  Baneling, Overlord  
  36  4:16  Extractor  
  35  4:17  Extractor  
  35  4:19  Extractor, Zergling x6  
  35  4:21  Baneling  
  35  4:22  Baneling x2  
  35  4:24  Overlord  
  36  4:28  Drone x3  
  38  4:39  Drone x2  
  38  4:41  Drone  
  41  4:57  Spire  
  40  5:04  Drone x2  
  40  5:05  Drone x4  
  46  5:09  Drone  
  46  5:11  Baneling  
  47  5:18  Drone  
  47  5:19  Drone  
  47  5:20  Drone  
  50  5:22  Drone  
  50  5:27  Overlord  
  51  5:32  Drone x2  
  53  5:36  Overlord  
  53  5:51  Hatchery  
  53  5:54  Overlord  
  52  6:04  Roach Warren  
  51  6:11  Mutalisk x3  
  51  6:13  Mutalisk  
  51  6:17  Mutalisk  
  61  6:22  Mutalisk  
  63  6:27  Baneling  
  57  6:50  Zergling x10  
  57  6:53  Zergling x12  
  57  6:54  Zergling x4  
Show
View Real Time Build Order
Export as new Build Order

shengy Zerg 

Build Orders: Hatch First 

Get SALT Encoding   

  12  0:01  Drone  
  13  0:14  Drone  
  13  0:20  Overlord  
  14  0:27  Extractor  
  14  0:28  Drone  
  15  0:38  Drone x2  
  17  0:51  Drone  
  18  1:00  Drone  
  18  1:03  Hatchery  
  18  1:10  Extractor  
  18  1:11  Drone  
  18  1:20  Spawning Pool  
  18  1:23  Drone  
  18  1:34  Drone  
  19  1:41  Overlord  
  20  1:54  Drone  
  20  2:08  Queen  
  22  2:13  Zergling x4  
  24  2:18  Queen  
  26  2:44  Metabolic Boost  
  26  2:48  Baneling Nest, Zergling x2  
  26  2:49  Zergling x10  
  31  3:00  Zergling x2  
  27  3:13  Zergling x2  
  27  3:14  Zergling x4  
  30  3:20  Overlord  
  30  3:22  Zergling x6  
  33  3:31  Evolution Chamber  
  33  3:32  Extractor  
  33  3:33  Evolution Chamber  
  30  3:34  Overlord  
  30  3:35  Zergling x4  
  30  3:36  Zergling x2  
  33  3:44  Drone  
  33  3:46  Drone  
  35  3:48  Drone  
  27  4:09  Zergling x2  
  27  4:10  Zergling x12  
  27  4:14  Zerg Melee Weapons Level 1  
  27  4:15  Zerg Ground Armor Level 1  
  33  4:19  Zergling x2  
  34  4:27  Baneling  
  34  4:28  Baneling x2  
  34  4:29  Baneling  
  29  4:39  Zergling x2  
  29  4:40  Zergling x8  
  34  4:51  Zergling x2  
  34  4:52  Zergling x6  
  38  5:05  Zergling x2  
  38  5:06  Zergling x6  
  41  5:15  Zergling x4  
  41  5:16  Zergling x2  
  44  5:25  Zergling x4  
  46  5:35  Zergling x2  
  47  5:49  Hatchery, Zergling x2  
  49  5:50  Zergling x4  
  49  5:54  Zergling x4  
  52  5:57  Overlord  
  52  5:59  Overlord  
  52  6:08  Baneling x3  
  52  6:09  Baneling x3  
  52  6:27  Zergling x8  
  52  6:28  Zergling x8  
Tags
 
Add a new tag
Caveats
  • Supply blocks, unpowered buildings, or Contaminate may cause inaccurate times.
  • Supply counts are checked every 10 seconds.